 Dungeon Crawl Stone Soup version 0.30.1-11-g7821555f0a (webtiles) character file.

Game seed: 14087715855264084780

7 Nonny the Caller (level 1, -2/7 HPs)
             Began as a Felid Summoner on Nov 11, 2023.
             Slain by a goblin
             ... wielding a +0 club
              (5 damage)
             ... on level 1 of the Dungeon.
             The game lasted 00:02:57 (261 turns).

Nonny the Caller (Felid Summoner)                    Turns: 261, Time: 00:02:58

Health: -2/7       AC:  1    Str:  4    XL:     1   Next: 83%
Magic:  4/4        EV: 17    Int: 16    God:
Gold:   25         SH:  0    Dex: 16    Spells: 3/4 levels left
                                        Lives:  0   Deaths: 0

rFire   . . .        (weapon unavailable)
rCold   . . .        (shield unavailable)
rNeg    . . .        (body armour unavailable)
rPois   .            (helmet unavailable)
rElec   .            (cloak unavailable)
rCorr   .            (gloves unavailable)
SInv    +            (boots unavailable)
Will    .....        (no amulet)
Stlth   ++           (no ring)
HPRegen 0.21/turn    (no ring)
MPRegen 0.09/turn

%: no passive effects
@: quick
A: very small, claws 1, fangs 3, see invisible, speed 1, shaggy fur 1, stealthy
paws, no weapons or thrown items, no armour, multi-lived
a: no special abilities


You were on level 1 of the Dungeon.
You visited 1 branch of the dungeon, and saw 1 of its levels.

You collected 25 gold pieces.

Inventory:

Potions
 a - a potion of magic
 b - a potion of resistance {unknown}


   Skills:
 + Level 0.2 Fighting
 - Level 2.6 Dodging
 + Level 2.9 Stealth
 - Level 2.0 Spellcasting
 + Level 4.2 Summonings


You had 3 spell levels left.
You knew the following spells:

 Your Spells              Type           Power      Damage    Failure   Level
a - Summon Small Mammal   Summ           60%        N/A       3%          1

Your spell library contained the following spells:

 Spells                   Type           Power      Damage    Failure   Level
 Call Imp                 Summ           30%        N/A       5%          2
 Call Canine Familiar     Summ           15%        N/A       11%         3
 Magic Dart               Conj           4%         1d3       21%         1
 Summon Guardian Golem    Hex/Summ       8%         N/A       26%         3
 Searing Ray              Conj           2%         2d4       30%         2
 Summon Lightning Spire   Summ/Air       8%         N/A       65%         4
 Fulminant Prism          Conj/Hex       0%         3d5       90%         4


Dungeon Overview and Level Annotations

Branches:
Dungeon (1/15)

Altars:

Shops:
D:1 [


Innate Abilities, Weirdness & Mutations

You have sharp claws.
You have razor-sharp teeth.
You have supernaturally acute eyesight. (SInv)
You cover ground quickly. (Speed+)
You are covered in fur. (AC +1)
Your paws help you pounce on unaware monsters.
You are incapable of wielding weapons or throwing items.
You cannot wear armour.
You gain extra lives every three experience levels.


Message History

Your bat hits the kobold but does no damage.
Your bat closely misses the kobold.
The kobold hits your bat with a +0 short sword.
Your bat hits the kobold but does no damage.
Your bat barely misses the kobold.
Your bat barely misses the kobold.
The kobold hits your bat with a +0 short sword.
Your bat dies!
Your bat's corpse disappears in a puff of smoke!
You pounce on the helpless kobold from behind!
You scratch the kobold.
You kill the kobold!
You see here a +0 short sword.
You see here a +0 whip.
Found 6 gold pieces.
The endoplasm hits you.
You see here a +0 whip.
Casting: Summon Small Mammal (safe; 3% risk of failure)
Confirm with . or Enter, or press ? or * to list all spells.
The endoplasm barely misses your quokka.
Your quokka bites the endoplasm.
The endoplasm freezes your quokka.
Your quokka is frozen.
Your quokka completely misses the endoplasm.
Your quokka bites the endoplasm.
The endoplasm dies!
You see here a +0 whip.
You now have 25 gold pieces (gained 6).
The goblin shouts!
The goblin barely misses you. The goblin misses you.
You scratch the goblin but do no damage.
The goblin hits you with a +0 club.
Ouch! That really hurt!
Your quokka bites the goblin but does no damage.
You scratch the goblin.
The goblin is heavily wounded.
Your quokka closely misses the goblin.
The goblin hits you with a +0 club.
Ouch! That really hurt!
You die...

. .# ## . .# .. .###
..# #.# # #@###
####.## #gr.# ........
###.# ###.####### #.##
#... ###.
#..###.######...
###......##...).##
######...........#####
...........[....##
#####..........#


You could see a goblin (ally target) and a friendly quokka (summoned).

Vanquished Creatures
  A giant cockroach (D:1)
  2 kobolds (D:1)
  A bat (D:1)
  A frilled lizard (D:1)
5 creatures vanquished.

Vanquished Creatures (collateral kills)
  An endoplasm (D:1)
1 creature vanquished.

Grand Total: 6 creatures vanquished

Notes
Turn   | Place    | Note
-------+----------+-------------------------------------------
     0 | D:1      | Nonny the Felid Summoner began the quest for the Orb.
     0 | D:1      | Reached XP level 1. HP: 7/7 MP: 4/4
    24 | D:1      | Found Yrari Tou's Antique Armour Shoppe.
   261 | D:1      | Slain by a goblin

Illustrated notes

Levels and vault maps discovered:
D:1:      dpeg_arrival_rhombus, layout_rooms, serial_shops, shop

Action                     || total
---------------------------++-------
  Melee: Unarmed           ||    31
         Bite              ||     1
   Cast: Summon Small Mamm ||     5
   Stab: Distracted        ||     1
 Armour: Skin              ||     2
  Dodge: Dodged            ||    26
